 Dungeon Crawl Stone Soup version 0.17.1-2-g5865329 (webtiles) character file.

10544 Peloso the Blocker (level 11, 0/95 HPs)
             Began as a Minotaur Fighter on Feb 14, 2016.
             Was an Elder of Okawaru.
             Slain by a troll (5 damage)
             ... on level 10 of the Dungeon.
             The game lasted 00:37:46 (10165 turns).

Peloso the Blocker (Minotaur Fighter)              Turns: 10165, Time: 00:37:46

Health: 0/95       AC: 26    Str: 23    XL:     11   Next: 37%
Magic:  10/10      EV: 10    Int:  5    God:    Okawaru [****..]
Gold:   630        SH: 13    Dex: 11    Spells: 0 memorised, 10 levels left

rFire  + + +     SeeInvis .     f - +4 falchion (slice)
rCold  x . .     Clarity  .     F - +7 chain mail of Kaxtent {rPois rF++}
rNeg   . . .     SustAt   .     c - +0 shield
rPois  +         Gourm    .     (helmet restricted)
rElec  .         Spirit   .     o - +0 cloak {+Inv}
rCorr  .         Warding  .     t - +1 pair of gloves
rMut   +         Stasis   .     g - +2 pair of boots
MR     .....                    H - amulet of resist mutation
Stlth  ..........               y - +1 ring of slaying
                                X - ring of fire

@: not resistant to hostile enchantments, extremely unstealthy
A: retaliatory headbutt, horns 2
a: Heroism, Renounce Religion, Evoke Invisibility


You were on level 10 of the Dungeon.
You worshipped Okawaru.
Okawaru was greatly pleased with you.
You were not hungry.

You visited 2 branches of the dungeon, and saw 11 of its levels.
You also visited: Ossuary and Bailey.

You collected 630 gold pieces.

Inventory:

Hand Weapons
 a - a +0 long sword
 f - a +4 falchion of slicing (weapon)
Armour
 c - a +0 shield (worn)
 g - a +2 pair of boots (worn)
 o - a +0 cloak of invisibility (worn)
 t - a +1 pair of gloves (worn)
 C - a +2 cloak
 F - the +7 chain mail of Kaxtent (worn) {rPois rF++}
   (You found it on level 9 of the Dungeon)

   It greatly protects you from fire.
   It protects you from poison.
Jewellery
 l - an uncursed amulet of resist corrosion
 m - a +4 ring of evasion
 y - a +1 ring of slaying (right hand)
 H - an amulet of resist mutation (around neck)
 X - a ring of fire (left hand)
Wands
 G - a wand of teleportation (5)
Scrolls
 b - 2 scrolls of identify
 i - 3 scrolls of enchant weapon
 n - a scroll of torment {unknown}
 q - 3 scrolls of remove curse
 s - 2 scrolls of magic mapping {unknown}
 x - 3 scrolls of teleportation
 B - 5 scrolls of blinking
 N - a scroll of recharging {unknown}
 O - 2 scrolls of fear
 Q - a scroll of brand weapon
 T - 3 scrolls of fog
Potions
 d - 4 potions of magic
 h - 2 potions of cancellation
 j - 4 potions of resistance
 r - 4 potions of heal wounds
 u - 4 potions of brilliance
 w - 9 potions of curing
 z - 2 potions of haste
 E - 5 potions of might
 J - 3 potions of invisibility
 K - a potion of cure mutation
 U - a potion of experience
Books
 A - a book of Annihilations

   Spells                             Type                      Level
   a - Poison Arrow                   Conjuration/Poison           6
   b - Chain Lightning                Conjuration/Air              8
   c - Lehudib's Crystal Spear        Conjuration/Earth            8
   d - Glaciate                       Conjuration/Ice              9
   e - Fire Storm                     Conjuration/Fire             9
Comestibles
 e - 7 bread rations
 k - 2 slices of pizza
 p - a beef jerky
 v - 3 meat rations
 D - 2 chunks of flesh
 I - a fruit


   Skills:
 + Level 8.5 Fighting
 + Level 9.5 Long Blades
 + Level 10.5 Armour
 + Level 6.6 Dodging
 + Level 1.5 Stealth
 + Level 12.9 Shields
 + Level 0.6 Invocations


You had 10 spell levels left.
You didn't know any spells.

Dungeon Overview and Level Annotations

Branches:
Dungeon (10/15)            Temple (1/1) D:4             Orc (0/4) D:9
   Lair: D:8-11

Altars:
Ashenzari
Cheibriados
Dithmenos
Elyvilon
Fedhas
Gozag
Kikubaaqudgha
Makhleb
Nemelex Xobeh
Okawaru
Qazlal
Ru
Sif Muna
Trog
Vehumet
Xom
Yredelemnul
Zin
The Shining One

Shops:
D:8 *


Innate Abilities, Weirdness & Mutations

You reflexively headbutt those who attack you in melee.
You have a pair of horns on your head.


Message History

You kill the kobold!
Okawaru accepts your kill.
Unknown command.
The troll bites you!
* * * LOW HITPOINT WARNING * * *
You block the troll's attack. The troll barely misses you.
You see here a short sword.
You hit the troll. You headbutt the troll!
The troll is moderately wounded.
You block the troll's attack. The troll claws you but does no damage.
The troll claws you!
* * * LOW HITPOINT WARNING * * *
Unknown command.
You hit the troll. You headbutt the troll.
The troll is heavily wounded.
You feel sick.
You are no longer poisoned.
You block the troll's attack. x2
The troll claws you.
You die...

##### ### ....##.###
.........# .........##
........ .... #
#...#.## ....
Y...###.#>#.†######..##
#....%......)@TK.}...
####.####.†#####..###
#. #.....#..##
.....###.#<...# #..
#......#...#
##.....##....).#
#.###..........# #.
#####........
..##.......


You could see a troll and a kobold.

Vanquished Creatures
  Erolcha (D:8)
  An orc knight (Bailey)
  A manticore (D:10)
  Joseph (D:8)
  3 two-headed ogres (D:9)
  A queen bee (D:10)
  Grinder (D:5)
  Prince Ribbit (D:5)
  2 wraiths (Ossuary)
  A wyvern (D:9)
  A yak (D:10)
  Grum (D:8)
  3 wolves (D:8)
  Menkaure (D:6)
  2 water moccasins
  A necrophage (D:6)
  3 sky beasts
  8 orc warriors
  6 ogres
  A black bear (D:8)
  9 centaurs
  A big kobold (D:10)
  6 giant frogs
  Blork the orc (D:5)
  21 killer bees
  A scorpion (D:4)
  2 wights (Ossuary)
  4 electric eels (D:7)
  9 crimson imps
  4 hounds
  2 quasits (D:8)
  7 orc priests
  2 iguanas
  2 giant frog skeletons
  10 orc wizards
  10 worker ants
  8 adders
  29 gnolls
  4 shadow imps
  An ooze (D:4)
  3 adder zombies
  An adder skeleton (D:6)
  3 worms
  6 giant geckos
  41 orcs
  5 giant cockroaches
  32 hobgoblins
  10 jackals
  2 ball pythons
  3 ball python skeletons (Ossuary)
  5 bats
  4 giant newts
  8 goblins
  14 kobolds
  A kobold zombie (Ossuary)
  3 orc skeletons (Ossuary)
  An orc zombie (Ossuary)
  4 quokkas
  9 rats
328 creatures vanquished.

Notes
Turn   | Place    | Note
--------------------------------------------------------------
     0 | D:1      | Peloso the Minotaur Fighter began the quest for the Orb.
     0 | D:1      | Reached XP level 1. HP: 19/19 MP: 0/0
   153 | D:1      | Reached XP level 2. HP: 9/27 MP: 1/1
   360 | D:1      | Reached skill level 4 in Fighting
   588 | D:1      | HP: 1/27 [poisoned by a hobgoblin]
   896 | D:1      | Reached XP level 3. HP: 29/33 MP: 2/2
  1347 | D:1      | Reached skill level 1 in Dodging
  1375 | D:2      | Found a faded altar to an unknown god.
  1658 | D:2      | Reached XP level 4. HP: 41/41 MP: 3/3
  1729 | D:2      | Found a shadowy altar of Dithmenos.
  1917 | D:2      | Found a blossoming altar of Fedhas.
  1917 | D:2      | Found a shimmering altar of Xom.
  1918 | D:2      | Found a burning altar of Makhleb.
  2214 | D:3      | Reached XP level 5. HP: 47/47 MP: 4/4
  2356 | D:3      | Found a shimmering altar of Xom.
  2364 | D:3      | Paralysed by a gnoll for 6 turns
  3029 | D:3      | Reached skill level 5 in Armour
  3032 | D:3      | Reached XP level 6. HP: 17/55 MP: 5/5
  3588 | D:4      | Reached skill level 5 in Fighting
  3588 | D:4      | Reached skill level 5 in Shields
  3686 | D:4      | Reached XP level 7. HP: 61/61 MP: 6/6
  4181 | D:4      | Found a staircase to the Ecumenical Temple.
  4187 | Temple   | Entered the Ecumenical Temple
  4313 | D:5      | Entered Level 5 of the Dungeon
  4374 | D:5      | Found a glowing golden altar of the Shining One.
  4393 | D:5      | Noticed Blork the orc
  4407 | D:5      | Killed Blork the orc
  4407 | D:5      | Reached skill level 6 in Armour
  4419 | D:5      | Noticed Prince Ribbit
  4445 | D:5      | Killed Prince Ribbit
  4445 | D:5      | Reached skill level 5 in Long Blades
  5072 | D:6      | Noticed Menkaure
  5076 | D:6      | Killed Menkaure
  5076 | D:6      | Reached XP level 8. HP: 69/69 MP: 7/7
  5094 | D:6      | Noticed Grinder
  5097 | D:6      | Paralysed by Grinder for 4 turns
  5114 | D:5      | Reached skill level 7 in Shields
  5330 | D:5      | Killed Grinder
  5556 | D:6      | Reached skill level 8 in Shields
  5649 | D:6      | Reached skill level 1 in Stealth
  5671 | D:6      | Reached XP level 9. HP: 46/78 MP: 8/8
  6060 | D:6      | Reached skill level 9 in Shields
  6248 | D:7      | Found a sand-covered staircase.
  6254 | Ossuary  | Entered an ossuary
  6654 | D:7      | Reached skill level 5 in Dodging
  6945 | D:7      | Reached skill level 10 in Shields
  7266 | D:7      | Found an iron altar of Okawaru.
  7270 | D:7      | Became a worshipper of Warmaster Okawaru
  7703 | D:8      | Noticed Grum
  7716 | D:8      | Killed Grum
  7716 | D:8      | Reached XP level 10. HP: 60/86 MP: 9/9
  7721 | D:8      | Reached * piety under Okawaru
  7797 | D:8      | Noticed Joseph
  7808 | D:8      | Killed Joseph
  7900 | D:8      | Found a flagged portal.
  7951 | Bailey   | Entered a bailey
  8005 | Bailey   | Noticed an orc knight
  8127 | Bailey   | Killed an orc knight
  8127 | Bailey   | Reached ** piety under Okawaru
  8127 | Bailey   | Reached skill level 11 in Shields
  8348 | D:8      | Noticed Erolcha
  8365 | D:8      | Killed Erolcha
  8365 | D:8      | Reached skill level 10 in Armour
  8414 | D:8      | Found a deep blue altar of Sif Muna.
  8489 | D:8      | Found Zetsu's General Store.
  8568 | D:8      | Found a snail-covered altar of Cheibriados.
  8975 | D:9      | Reached skill level 12 in Shields
  8997 | D:9      | Reached *** piety under Okawaru
  9198 | D:9      | Reached XP level 11. HP: 34/94 MP: 10/10
  9459 | D:9      | Identified a scroll of acquirement
  9759 | D:9      | Reached **** piety under Okawaru
  9900 | D:9      | Found a staircase to the Orcish Mines.
  9989 | D:9      | Got a smoking chain mail
 10000 | D:9      | Identified the +7 chain mail of Kaxtent {rPois rF++} (You found it on level 9 of the Dungeon)
 10045 | D:10     | Entered Level 10 of the Dungeon
 10165 | D:10     | Slain by a troll

Action                   |  1- 3 |  4- 6 |  7- 9 | 10-12 || total
-------------------------+-------+-------+-------+-------++-------
Melee: Long sword        |    93 |   126 |    91 |       ||   310
       Falchion          |       |       |   255 |   454 ||   709
Invok: Heroism           |       |       |       |     2 ||     2
  Use: Potion            |     1 |     1 |       |     1 ||     3
       Scroll            |       |       |    21 |     5 ||    26
  Eat: Chunk             |     2 |     7 |    13 |     9 ||    31
